[Event "FRA-ch Teams Top 16-A 2022"]
[Site "Chartres"]
[Date "2022.06.13"]
[Round "5.31"]
[White "Koch, Jean-Rene"]
[Black "Mendeiros, Jerome"]
[Result "1-0"]
[ECO "D10"]
[WhiteElo "2441"]
[BlackElo "2097"]
[Annotator "TA"]
[PlyCount "127"]
[EventDate "2022.06.09"]
[EventType "team-tourn"]
[EventCountry "FRA"]
[SourceTitle "playchess.com"]
[Source "ChessBase"]
[SourceQuality "1"]
[TimeControl "40/5400+30:1800+30"]

1. c4 c6 2. d4 d5 3. cxd5 cxd5 4. Bf4 Qb6 5. Nc3 Nf6 6. Qd2 (6. e3 {with more complications.} Qxb2 7. Bb5+ Bd7 8. Bxd7+ Nbxd7 9. Nge2) 6... Nc6 {[%emt 0:05:01] D10: Slav Defence: 3 cxd5 (without early Nf3) and 3 Nc3.} 7. e3 Bf5 8. f3 {[%emt 0:25:07] [#]} h6 $146 {[%emt 0:08:26] The position is equal.} ({Predecessor:} 8... e6 9. Rc1 Bb4 10. h4 h5 11. a3 Bxc3 12. Rxc3 O-O 13. Be2 Rfe8 14. Bd1 e5 15. Bxe5 Nxe5 16. dxe5 Rxe5 {1-0 (44) Morozevich,A (2774)-Predojevic,B (2651) Sarajevo 2008}) 9. Rc1 Rc8 10. g4 Bd7 (10... Bh7 $11) 11. Na4 Qb4 12. Qxb4 Nxb4 13. Rxc8+ Bxc8 14. a3 Nc6 15. Bb5 Nd7 16. Ne2 (16. Bc7 $14) 16... a6 (16... g5 $1 $11 17. Bc7 h5) 17. Bxc6 $14 bxc6 18. Kf2 f6 19. Bc7 e5 20. Rc1 $36 {[%emt 0:02:45][%mdl 2048] White has some pressure.} (20. Ng3 $5 ) 20... Bb7 21. f4 (21. Ng3 $14 {deserves consideration.}) 21... h5 22. g5 exf4 23. Bxf4 h4 {[%emt 0:02:06] [#]} (23... Be7 $11) 24. Rc3 (24. g6 $1 $16) 24... Kd8 (24... fxg5 $1 $15 {keeps the upper hand.} 25. Bxg5 Rh5) 25. gxf6 (25. g6 $16) 25... gxf6 (25... Nxf6 $11 {remains equal.} 26. Rb3 Bc8) 26. Nc1 $16 a5 $2 (26... Bh6 $16 {was called for.}) 27. Nb3 $18 Ba6 28. Nxa5 Bb5 29. Nb7+ $2 {[%emt 0:01:43] Pair of Knights!} (29. Nxc6+ $18 Ke8 30. b3) 29... Kc8 30. Nbc5 {[%emt 0:00:56] White is more active.} Nxc5 31. Nxc5 Bxc5 32. Rxc5 $16 {[%emt 0:00:51][%cal Oa3a4][%mdl 4096] Endgame KRB-KRB} Kd7 33. Rc3 Ra8 34. Kg2 Rh8 35. b3 Be2 36. a4 Bg4 37. b4 {[%emt 0:01:05] Hoping for b5.} Rg8 38. Kf2 Bh3 39. b5 cxb5 40. Rc7+ (40. axb5 $16 Rg2+ 41. Kf3) 40... Ke6 $1 $14 41. axb5 Rg2+ 42. Ke1 {[%emt 0:04:36] Black must now prevent b6.} Rb2 43. Rh7 Bg4 44. Rxh4 Kf5 {[%emt 0:00:16] Black is on the road to losing.} (44... Bf3 $14) 45. h3 $18 Be2 46. b6 {[%emt 0:04:15][%cal Ob6b7] Strongly threatening b7!} Ba6 {[%emt 0:00:48] [#]} 47. Bc7 $1 Kg5 $2 (47... Re2+ $16 48. Kd1 Rxe3) 48. Rg4+ Kf5 49. Rf4+ Kg5 (49... Ke6 {might work better.} 50. Kd1 Ke7) 50. h4+ Kg6 51. Kd1 Bd3 52. Rg4+ Kf5 $2 (52... Kh7 53. Rg3 Bf5) 53. Rg7 {[%emt 0:01:53] aiming for h5.} Ke4 54. Re7+ Kf5 55. Bd8 Ba6 56. Kc1 {[%emt 0:00:46] White is clearly winning.} Rb5 57. Ra7 Bc8 58. Rc7 Ba6 59. Rc5 {[%emt 0:00:30] And now Rxb5 would win.} Rb4 60. h5 Ke4 61. Kd2 (61. h6 $142) 61... Bd3 62. h6 Rb2+ 63. Kc3 Rc2+ 64. Kb3 {[%emt 0:00:12] Weighted Error Value: White=0.27 (precise) /Black=0.39} 1-0

[Event "FRA-ch Teams Top 16-A 2022"]
[Site "Chartres"]
[Date "2022.06.13"]
[Round "5.32"]
[White "Auvray, Juliette"]
[Black "Schippke, Manon"]
[Result "1/2-1/2"]
[ECO "B85"]
[WhiteElo "1970"]
[BlackElo "2072"]
[Annotator "TA"]
[PlyCount "59"]
[EventDate "2022.06.09"]
[EventType "team-tourn"]
[EventCountry "FRA"]
[SourceTitle "playchess.com"]
[Source "ChessBase"]
[SourceQuality "1"]
[TimeControl "40/5400+30:1800+30"]

1. e4 c5 2. Nf3 e6 3. d4 cxd4 4. Nxd4 Nc6 5. Nc3 Qc7 6. Be2 a6 7. Be3 Nf6 8. O-O Be7 9. Kh1 O-O 10. f4 d6 11. Bd3 Nxd4 {[%emt 0:16:10] B85: Sicilian Scheveningen: 6 Be2 a6, lines with early Be3.} 12. Bxd4 e5 13. Be3 Be6 ({Better is} 13... b5 $11) 14. Qf3 (14. f5 $14 Bc4 15. Qf3) 14... exf4 $11 15. Bxf4 {[%emt 0:04:03] [#]} Nd7 $146 ({Predecessor:} 15... Rfe8 16. Rae1 Nd7 17. Nd5 Bxd5 18. exd5 Bf6 19. Rxe8+ Rxe8 20. Bg5 Re4 21. Bd2 Re7 {0-1 (34) Dashko,A (2210)-Brodsky,M (2515) Krasnodar 1997}) 16. Qg3 Ne5 17. Rad1 Ng6 18. Nd5 Bxd5 19. exd5 Nxf4 20. Qxf4 g6 21. Rf3 f5 22. Rg3 Bf6 {[%emt 0:04:38] [#] And now ...Be5 would win.} 23. Qxf5 Be5 24. Qe6+ Qf7 (24... Kh8 $11 25. Rh3 Rf6) 25. Rf3 Qxe6 {[%emt 0:00:03] The position is equal.} 26. Rxf8+ Kxf8 27. dxe6 Ke7 28. Bc4 Bxb2 29. Rf1 {[%emt 0:05:08] [#] Rf7+ is the strong threat.} Bf6 30. Bd5 {[%emt 0:01:24] An interesting draw.  Weighted Error Value: White=0.14 (very precise) /Black=0.11 (very precise)} 1/2-1/2

[Event "FRA-ch Teams Top 16-A 2022"]
[Site "Chartres"]
[Date "2022.06.14"]
[Round "6.1"]
[White "Santos Ruiz, Miguel"]
[Black "Alonso Rosell, Alvar"]
[Result "1/2-1/2"]
[ECO "B12"]
[WhiteElo "2586"]
[BlackElo "2557"]
[Annotator "RC"]
[PlyCount "29"]
[EventDate "2022.06.09"]
[EventType "team-tourn"]
[EventCountry "FRA"]
[SourceTitle "playchess.com"]
[Source "ChessBase"]
[SourceQuality "1"]
[TimeControl "40/5400+30:1800+30"]

1. e4 c6 2. d4 d5 3. e5 c5 4. c4 cxd4 5. Nf3 e6 6. Nxd4 Nc6 7. Nc3 Bc5 8. Nxc6 bxc6 9. cxd5 exd5 10. Bd3 Ne7 11. O-O Bf5 12. Bg5 Bxd3 13. Qxd3 O-O 14. Rac1 Bb6 15. Na4 1/2-1/2

[Event "FRA-ch Teams Top 16-A 2022"]
[Site "Chartres"]
[Date "2022.06.14"]
[Round "6.2"]
[White "Song, Julien"]
[Black "Abasov, Nijat"]
[Result "0-1"]
[ECO "E15"]
[WhiteElo "2388"]
[BlackElo "2635"]
[Annotator "RC"]
[PlyCount "136"]
[EventDate "2022.06.09"]
[EventType "team-tourn"]
[EventCountry "FRA"]
[SourceTitle "playchess.com"]
[Source "ChessBase"]
[SourceQuality "1"]
[TimeControl "40/5400+30:1800+30"]

1. d4 Nf6 2. c4 e6 3. Nf3 b6 4. g3 Ba6 5. b3 Bb4+ 6. Bd2 Be7 7. Nc3 d5 8. cxd5 exd5 9. Bg2 O-O 10. Ne5 Re8 11. O-O Bb7 12. Rc1 Nbd7 13. Bf4 Nf8 14. Qd2 Ne6 15. Be3 a6 16. Qb2 Bd6 17. b4 Qe7 18. Nd3 Rad8 19. Qb3 c6 20. Bf3 h5 21. Na4 Bc7 22. Ne5 b5 23. Nc5 Nxc5 24. Rxc5 Bxe5 25. dxe5 Qxe5 26. Rd1 Ne4 27. Bxe4 Qxe4 28. Rd4 Qe5 29. h4 Re6 30. Qc2 Rde8 31. Rc3 Rg6 32. Rf4 Qc7 33. Kf1 Bc8 34. Bd4 Bh3+ 35. Ke1 Rge6 36. e3 a5 37. a3 axb4 38. axb4 Ra8 39. Qb2 f6 40. Ra3 Ree8 41. Rxa8 Rxa8 42. Qc2 f5 43. Bb2 Re8 44. Qc3 Re7 45. Qd4 Qc8 46. Qc5 Qe8 47. Bd4 Kh7 48. Qd6 Bg4 49. Kf1 Rf7 50. Kg2 Be2 51. Kh2 Bd3 52. Bc3 Be4 53. Qc5 d4 54. Bxd4 Qe6 55. Qc1 Qb3 56. f3 Bd5 57. Bb2 Ra7 58. Qc3 Qd1 59. e4 Qe2+ 60. Kg1 Bc4 61. Qd4 c5 62. bxc5 Qe1+ 63. Kh2 Bf1 64. Kg1 Qxg3+ 65. Kxf1 Qxf4 66. Kg2 fxe4 67. fxe4 Rf7 68. e5 Qf1+ 0-1

[Event "FRA-ch Teams Top 16-A 2022"]
[Site "Chartres"]
[Date "2022.06.14"]
[Round "6.3"]
[White "Parligras, Mircea-Emilian"]
[Black "Ramirez Garcia, Jorge Alberto"]
[Result "1/2-1/2"]
[ECO "D36"]
[WhiteElo "2583"]
[BlackElo "2242"]
[Annotator "RC"]
[PlyCount "63"]
[EventDate "2022.06.09"]
[EventType "team-tourn"]
[EventCountry "FRA"]
[SourceTitle "playchess.com"]
[Source "ChessBase"]
[SourceQuality "1"]
[TimeControl "40/5400+30:1800+30"]

1. d4 d5 2. c4 e6 3. Nc3 Nf6 4. cxd5 exd5 5. Bg5 c6 6. e3 Be7 7. Bd3 Nbd7 8. Qc2 h6 9. Bh4 Nh5 10. Bxe7 Qxe7 11. O-O-O Nb6 12. Kb1 Bd7 13. Rc1 Nf6 14. Nf3 Be6 15. h3 Nfd7 16. Ne5 Nxe5 17. dxe5 O-O-O 18. f4 d4 19. exd4 Rxd4 20. Ne2 Rd7 21. Rhd1 Nd5 22. f5 Nb4 23. fxe6 Rxd3 24. Qa4 Rhd8 25. Rf1 fxe6 26. Qxa7 Rd2 27. Ng3 Qd7 28. Qa8+ Kc7 29. Qa5+ Kc8 30. Qa8+ Kc7 31. Qa5+ Kc8 32. Qa8+ 1/2-1/2

[Event "FRA-ch Teams Top 16-A 2022"]
[Site "Chartres"]
[Date "2022.06.14"]
[Round "6.4"]
[White "Sohier, Julien"]
[Black "Loiseau, Quentin"]
[Result "0-1"]
[ECO "D97"]
[WhiteElo "2218"]
[BlackElo "2445"]
[Annotator "RC"]
[PlyCount "82"]
[EventDate "2022.06.09"]
[EventType "team-tourn"]
[EventCountry "FRA"]
[SourceTitle "playchess.com"]
[Source "ChessBase"]
[SourceQuality "1"]
[TimeControl "40/5400+30:1800+30"]

1. d4 Nf6 2. c4 g6 3. Nc3 d5 4. Nf3 Bg7 5. Qb3 dxc4 6. Qxc4 O-O 7. e4 Nc6 8. Be2 e5 9. dxe5 Ng4 10. O-O Ngxe5 11. Nxe5 Nxe5 12. Qb3 Nc6 13. Be3 Nd4 14. Bxd4 Qxd4 15. Rfd1 Qe5 16. Nd5 c6 17. f4 Qxe4 18. Bf3 Qe6 19. Re1 Qd6 20. Ne7+ Kh8 21. Nxc8 Raxc8 22. Qxb7 Qxf4 23. Re4 Bd4+ 24. Kh1 Qf6 25. Re2 c5 26. Qxa7 Bxb2 27. Rb1 Bd4 28. a4 c4 29. Qe7 Qxe7 30. Rxe7 c3 31. Re2 Rfe8 32. Rxe8+ Rxe8 33. g3 Re3 34. Bd5 Re2 35. Rc1 f5 36. Bc4 Rd2 37. a5 g5 38. a6 g4 39. h3 f4 40. a7 Bxa7 41. Rxc3 Rd1+ 0-1

[Event "FRA-ch Teams Top 16-A 2022"]
[Site "Chartres"]
[Date "2022.06.14"]
[Round "6.5"]
[White "Wirig, Anthony"]
[Black "Baillon, Olivier"]
[Result "1-0"]
[ECO "E09"]
[WhiteElo "2520"]
[BlackElo "2197"]
[Annotator "RC"]
[PlyCount "87"]
[EventDate "2022.06.09"]
[EventType "team-tourn"]
[EventCountry "FRA"]
[SourceTitle "playchess.com"]
[Source "ChessBase"]
[SourceQuality "1"]
[TimeControl "40/5400+30:1800+30"]

1. c4 e6 2. Nf3 d5 3. g3 Nf6 4. Bg2 Be7 5. O-O O-O 6. d4 c6 7. Qc2 Nbd7 8. Nbd2 b6 9. e4 dxe4 10. Nxe4 Nxe4 11. Qxe4 Bb7 12. Rd1 Qc8 13. Ng5 Nf6 14. Qe2 Re8 15. Qf3 Bd6 16. Be3 e5 17. c5 Bc7 18. Bh3 Qb8 19. Bf5 h6 20. Ne4 Nxe4 21. Bxe4 Re6 22. dxe5 Bxe5 23. Rd7 Rf6 24. Qh5 Bxb2 25. Rad1 Qe8 26. Bg5 Re6 27. Rd8 Rxd8 28. Rxd8 Rxe4 29. Rxe8+ Rxe8 30. Be3 Ba6 31. Qd1 bxc5 32. Qd7 Re6 33. Qxa7 Bb5 34. a4 Bd4 35. axb5 cxb5 36. Bxd4 cxd4 37. Qxd4 g6 38. Kg2 h5 39. Qc5 Kg7 40. Qxb5 Re7 41. Qb2+ f6 42. Qd4 Rb7 43. h4 Re7 44. f3 1-0

[Event "FRA-ch Teams Top 16-A 2022"]
[Site "Chartres"]
[Date "2022.06.14"]
[Round "6.6"]
[White "Mendeiros, Jerome"]
[Black "Riff, Vincent"]
[Result "1/2-1/2"]
[ECO "B51"]
[WhiteElo "2097"]
[BlackElo "2397"]
[Annotator "RC"]
[PlyCount "56"]
[EventDate "2022.06.09"]
[EventType "team-tourn"]
[EventCountry "FRA"]
[SourceTitle "playchess.com"]
[Source "ChessBase"]
[SourceQuality "1"]
[TimeControl "40/5400+30:1800+30"]

1. e4 c5 2. Nf3 Nc6 3. Bb5 d6 4. O-O Bd7 5. Re1 Nf6 6. c3 a6 7. Bf1 Bg4 8. d4 cxd4 9. cxd4 Bxf3 10. gxf3 d5 11. e5 Nh5 12. Be3 e6 13. Nc3 Be7 14. Qd2 O-O 15. Rac1 g6 16. Red1 f5 17. Bh6 Rf7 18. f4 Bb4 19. Bg5 Qf8 20. Be2 h6 21. Bh4 Ng7 22. Qe3 Ne8 23. Kh1 Rg7 24. Rg1 Bxc3 25. Rxc3 Kh7 26. a3 Rc8 27. Qd2 Rcc7 28. Rh3 Kg8 1/2-1/2

[Event "FRA-ch Teams Top 16-A 2022"]
[Site "Chartres"]
[Date "2022.06.14"]
[Round "6.7"]
[White "Demuth, Adrien"]
[Black "Hirth, Julien"]
[Result "1-0"]
[ECO "A41"]
[WhiteElo "2493"]
[BlackElo "2072"]
[Annotator "RC"]
[PlyCount "69"]
[EventDate "2022.06.09"]
[EventType "team-tourn"]
[EventCountry "FRA"]
[SourceTitle "playchess.com"]
[Source "ChessBase"]
[SourceQuality "1"]
[TimeControl "40/5400+30:1800+30"]

1. d4 d6 2. c4 e5 3. d5 g6 4. Nc3 a5 5. h4 Nf6 6. e4 Bg7 7. f3 h5 8. Bd3 Bh6 9. Bxh6 Rxh6 10. a3 Na6 11. Nge2 Bd7 12. Bc2 Rh8 13. Qd2 Nc5 14. b3 Kf8 15. Rb1 Kg7 16. b4 Na6 17. g3 Qe7 18. Kf2 Rhf8 19. Kg2 Ng8 20. Nd1 Nh6 21. Nf2 f5 22. exf5 Bxf5 23. Ne4 Bxe4 24. Bxe4 Rf6 25. Qc3 axb4 26. axb4 Raf8 27. Rhc1 Nf5 28. c5 R6f7 29. c6 b6 30. Ra1 Nb8 31. Qd2 Qe8 32. Ra7 Qc8 33. Rca1 Rf6 34. Rb7 Nd7 35. Raa7 1-0

[Event "FRA-ch Teams Top 16-A 2022"]
[Site "Chartres"]
[Date "2022.06.14"]
[Round "6.8"]
[White "Auvray, Juliette"]
[Black "Milliet, Sophie"]
[Result "0-1"]
[ECO "B56"]
[WhiteElo "1970"]
[BlackElo "2410"]
[Annotator "RC"]
[PlyCount "128"]
[EventDate "2022.06.09"]
[EventType "team-tourn"]
[EventCountry "FRA"]
[SourceTitle "playchess.com"]
[Source "ChessBase"]
[SourceQuality "1"]
[TimeControl "40/5400+30:1800+30"]

1. e4 c5 2. Nf3 d6 3. d4 cxd4 4. Nxd4 Nf6 5. Nc3 Nc6 6. f3 e5 7. Nb3 Be7 8. Be3 O-O 9. Qd2 Be6 10. O-O-O a5 11. a4 Nb4 12. g4 d5 13. g5 d4 14. gxf6 Bxf6 15. Nxd4 exd4 16. Bxd4 Bxd4 17. Qxd4 Qg5+ 18. Qd2 Qf6 19. Qe3 Rac8 20. Kb1 Qe7 21. Rg1 f5 22. Bh3 Qf7 23. Rd2 g6 24. Qb6 Qf6 25. Rd6 Nc6 26. Nb5 Qe5 27. f4 Qxe4 28. Nc3 Qb4 29. Qxb4 axb4 30. Rxe6 bxc3 31. bxc3 Ra8 32. Bg2 Rxa4 33. Bd5 Kg7 34. Rf1 Rd8 35. c4 Rda8 36. Rf3 Ra1+ 37. Kb2 R8a2+ 38. Kc3 Ra3+ 39. Kd2 Rxf3 40. Bxf3 Nd4 41. Re3 Nxf3+ 42. Rxf3 Rh1 43. h3 h5 44. Rb3 Rh2+ 45. Kd1 b6 46. Rxb6 Rxh3 47. Rb3 Rh1+ 48. Ke2 h4 49. Rc3 Kf6 50. c5 Ke7 51. c6 Kd8 52. c7+ Kc8 53. Rc4 Rg1 54. Rc3 Rg2+ 55. Kf1 Rg4 56. Rf3 Kxc7 57. Kf2 Kc6 58. Ke3 Kd5 59. Kf2 Ke4 60. Re3+ Kxf4 61. c4 Kg5 62. Rc3 h3 63. c5 h2 64. Rc1 Rc4 0-1

[Event "FRA-ch Teams Top 16-A 2022"]
[Site "Chartres"]
[Date "2022.06.14"]
[Round "6.9"]
[White "Malakhov, Vladimir"]
[Black "Feller, Sebastien"]
[Result "1-0"]
[ECO "D94"]
[WhiteElo "2652"]
[BlackElo "2569"]
[Annotator "RC"]
[PlyCount "49"]
[EventDate "2022.06.09"]
[EventType "team-tourn"]
[EventCountry "FRA"]
[SourceTitle "playchess.com"]
[Source "ChessBase"]
[SourceQuality "1"]
[TimeControl "40/5400+30:1800+30"]

1. c4 c6 2. Nf3 d5 3. e3 Nf6 4. Nc3 g6 5. d4 Bg7 6. Be2 O-O 7. O-O dxc4 8. Bxc4 Bg4 9. Be2 Nbd7 10. e4 Bxf3 11. gxf3 e5 12. dxe5 Nxe5 13. f4 Ned7 14. Be3 Nb6 15. a4 Qe7 16. a5 Rad8 17. Qb3 Nc8 18. e5 Nd5 19. Nxd5 Rxd5 20. a6 bxa6 21. Rxa6 Nb6 22. Qa3 Qxa3 23. bxa3 Rd7 24. Rc1 Rc8 25. Bg4 1-0

[Event "FRA-ch Teams Top 16-A 2022"]
[Site "Chartres"]
[Date "2022.06.14"]
[Round "6.10"]
[White "Ganguly, Surya Shekhar"]
[Black "Piorun, Kacper"]
[Result "1/2-1/2"]
[ECO "B10"]
[WhiteElo "2616"]
[BlackElo "2635"]
[Annotator "RC"]
[PlyCount "48"]
[EventDate "2022.06.09"]
[EventType "team-tourn"]
[EventCountry "FRA"]
[SourceTitle "playchess.com"]
[Source "ChessBase"]
[SourceQuality "1"]
[TimeControl "40/5400+30:1800+30"]

1. e4 c6 2. Nf3 d5 3. d3 dxe4 4. dxe4 Qxd1+ 5. Kxd1 Nd7 6. Ne1 g6 7. Nd3 Bg7 8. a4 f5 9. exf5 gxf5 10. Nf4 Ne5 11. Nh5 Bh6 12. Bd2 Bxd2 13. Nxd2 Kf7 14. Bc4+ Nxc4 15. Nxc4 Nf6 16. Ne5+ Ke6 17. Nxf6 Kxf6 18. Re1 Rd8+ 19. Kc1 f4 20. a5 Rd5 21. Nd3 e5 22. Nb4 Rd6 23. Nd3 Rd5 24. Nb4 Rd6 1/2-1/2

[Event "FRA-ch Teams Top 16-A 2022"]
[Site "Chartres"]
[Date "2022.06.14"]
[Round "6.11"]
[White "Van Foreest, Lucas"]
[Black "Postny, Evgeny"]
[Result "0-1"]
[ECO "A07"]
[WhiteElo "2572"]
[BlackElo "2563"]
[Annotator "RC"]
[PlyCount "96"]
[EventDate "2022.06.09"]
[EventType "team-tourn"]
[EventCountry "FRA"]
[SourceTitle "playchess.com"]
[Source "ChessBase"]
[SourceQuality "1"]
[TimeControl "40/5400+30:1800+30"]

1. Nf3 d5 2. g3 c6 3. Bg2 Bg4 4. h3 Bxf3 5. Bxf3 Nf6 6. d3 e5 7. e4 dxe4 8. dxe4 Qxd1+ 9. Kxd1 Nbd7 10. Ke2 Nc5 11. Nd2 h5 12. h4 g6 13. Nc4 Nfxe4 14. Nxe5 Bg7 15. Nc4 O-O-O 16. Re1 Rd4 17. Na5 Rhd8 18. Be3 Rd2+ 19. Kf1 Rxc2 20. Rac1 Rxc1 21. Rxc1 Bd4 22. Bxd4 Rxd4 23. Bxe4 Nxe4 24. Re1 f5 25. Re2 Ra4 26. Nb3 Rxa2 27. Kg2 Ra4 28. f3 Rb4 29. Re3 Nf6 30. Rd3 Nd5 31. Kf1 Kc7 32. Ke1 b6 33. Kd2 a5 34. Kc1 a4 35. Nd4 Kd6 36. Ne2 Ke5 37. Ra3 b5 38. Kc2 Rc4+ 39. Kd2 Kd6 40. Nc1 Rd4+ 41. Ke2 Rb4 42. Nd3 Rc4 43. Kd2 c5 44. Ra1 Rd4 45. Ke2 c4 46. Ne1 Kc5 47. Ra3 Nb4 48. Re3 Nd3 0-1

[Event "FRA-ch Teams Top 16-A 2022"]
[Site "Chartres"]
[Date "2022.06.14"]
[Round "6.12"]
[White "Visakh N R"]
[Black "Vlachos, Anatole"]
[Result "0-1"]
[ECO "D27"]
[WhiteElo "2506"]
[BlackElo "2410"]
[Annotator "RC"]
[PlyCount "122"]
[EventDate "2022.06.09"]
[EventType "team-tourn"]
[EventCountry "FRA"]
[SourceTitle "playchess.com"]
[Source "ChessBase"]
[SourceQuality "1"]
[TimeControl "40/5400+30:1800+30"]

1. d4 d5 2. c4 dxc4 3. Nf3 Nf6 4. e3 e6 5. Bxc4 c5 6. O-O a6 7. b3 Nbd7 8. Bb2 Be7 9. dxc5 Bxc5 10. Nbd2 O-O 11. Rc1 b6 12. Qc2 Bb7 13. Rfd1 Rc8 14. Qb1 Qe7 15. Bd3 b5 16. Ne4 Bxe4 17. Bxe4 Ba3 18. Bd3 Bxb2 19. Qxb2 Nd5 20. Nd4 Nc5 21. Bb1 g6 22. Qd2 b4 23. Ne2 a5 24. e4 Nf6 25. e5 Nd5 26. Rc4 Nd7 27. Rxc8 Rxc8 28. Qd4 Qc5 29. Qxc5 Rxc5 30. f4 N7b6 31. Kf2 a4 32. Rd4 axb3 33. axb3 Ra5 34. Be4 Ra2 35. Kf3 Rb2 36. Nc1 h5 37. h4 Kf8 38. g3 Ke7 39. Bxd5 Nxd5 40. Rc4 f6 41. exf6+ Kxf6 42. Rc8 Rd2 43. Rf8+ Ke7 44. Rc8 Nc3 45. Ra8 Rd1 46. Ra1 Kf6 47. Ke3 Rh1 48. Kf3 Nd5 49. Kg2 Rd1 50. Kf3 Ne7 51. Ke2 Rg1 52. Kd2 Rxg3 53. Ne2 Rxb3 54. Nd4 Ra3 55. Re1 Ra6 56. Rc1 Rd6 57. Ke3 Nd5+ 58. Kf3 Nxf4 59. Rc4 Nd5 60. Ke4 Ra6 61. Rc1 Ra3 0-1

[Event "FRA-ch Teams Top 16-A 2022"]
[Site "Chartres"]
[Date "2022.06.14"]
[Round "6.13"]
[White "Flom, Gabriel"]
[Black "Koch, Jean-Rene"]
[Result "1-0"]
[ECO "D32"]
[WhiteElo "2442"]
[BlackElo "2441"]
[Annotator "RC"]
[PlyCount "95"]
[EventDate "2022.06.09"]
[EventType "team-tourn"]
[EventCountry "FRA"]
[SourceTitle "playchess.com"]
[Source "ChessBase"]
[SourceQuality "1"]
[TimeControl "40/5400+30:1800+30"]

1. d4 d5 2. c4 e6 3. Nc3 c5 4. cxd5 exd5 5. Nf3 Nc6 6. dxc5 d4 7. Na4 Bxc5 8. Nxc5 Qa5+ 9. Bd2 Qxc5 10. Rc1 Qb6 11. e3 dxe3 12. Bxe3 Qxb2 13. Bc4 Qb4+ 14. Nd2 Nge7 15. Bc5 Qb2 16. O-O O-O 17. Ne4 b6 18. Bd6 Bf5 19. Rb1 Qd4 20. Qxd4 Nxd4 21. Bxe7 Bxe4 22. Rbd1 Rfe8 23. Rxd4 Rxe7 24. Re1 Rae8 25. Bb5 Bc6 26. Rxe7 Bxb5 27. Rxe8+ Bxe8 28. Rd8 Kf8 29. Rb8 b5 30. Ra8 Ke7 31. Rxa7+ Kd6 32. a3 Bd7 33. Kf1 Be6 34. Ke2 h5 35. Kd3 Kc5 36. h4 Kb6 37. Re7 Kc5 38. Kc3 Kd6 39. Rb7 Kc5 40. f3 g6 41. Rb8 Bd7 42. Rd8 Be6 43. Rd4 Bd5 44. Rf4 Kd6 45. Kd4 f5 46. Ke3 Ke5 47. Rb4 Bc6 48. g3 1-0

[Event "FRA-ch Teams Top 16-A 2022"]
[Site "Chartres"]
[Date "2022.06.14"]
[Round "6.14"]
[White "Bailet, Pierre"]
[Black "Abergel, Thal"]
[Result "1/2-1/2"]
[ECO "B42"]
[WhiteElo "2509"]
[BlackElo "2378"]
[Annotator "RC"]
[PlyCount "47"]
[EventDate "2022.06.09"]
[EventType "team-tourn"]
[EventCountry "FRA"]
[SourceTitle "playchess.com"]
[Source "ChessBase"]
[SourceQuality "1"]
[TimeControl "40/5400+30:1800+30"]

1. e4 c5 2. Nf3 e6 3. d4 cxd4 4. Nxd4 a6 5. Bd3 Ne7 6. O-O Nbc6 7. Nb3 g6 8. Nc3 Bg7 9. Bf4 d6 10. Qd2 O-O 11. Rad1 b5 12. Bh6 Qb6 13. Bxg7 Kxg7 14. Kh1 b4 15. Na4 Qa7 16. f4 Rb8 17. f5 exf5 18. exf5 Bxf5 19. Bxf5 Nxf5 20. Rxf5 gxf5 21. Qg5+ Kh8 22. Qf6+ Kg8 23. Qg5+ Kh8 24. Qf6+ 1/2-1/2

[Event "FRA-ch Teams Top 16-A 2022"]
[Site "Chartres"]
[Date "2022.06.14"]
[Round "6.15"]
[White "Kuhn, Clement"]
[Black "Migot, Tangi"]
[Result "0-1"]
[ECO "D13"]
[WhiteElo "2280"]
[BlackElo "2353"]
[Annotator "RC"]
[PlyCount "60"]
[EventDate "2022.06.09"]
[EventType "team-tourn"]
[EventCountry "FRA"]
[SourceTitle "playchess.com"]
[Source "ChessBase"]
[SourceQuality "1"]
[TimeControl "40/5400+30:1800+30"]

1. d4 d5 2. c4 c6 3. cxd5 cxd5 4. Bf4 Nc6 5. e3 Nf6 6. Nc3 a6 7. Be2 Bf5 8. Nf3 e6 9. Qb3 Nh5 10. Bg5 Qc7 11. Ne5 h6 12. Bh4 Nxe5 13. dxe5 g5 14. Qa4+ Qc6 15. Nb5 Rc8 16. O-O Bc5 17. b4 O-O 18. Rac1 axb5 19. Bxb5 Qb6 20. bxc5 Rxc5 21. Rxc5 Qxc5 22. Be2 b5 23. Qb3 gxh4 24. Bxh5 b4 25. h3 Ra8 26. Qb2 Qc3 27. Qe2 Qc4 28. Qxc4 dxc4 29. Be2 b3 30. Bxc4 b2 0-1

[Event "FRA-ch Teams Top 16-A 2022"]
[Site "Chartres"]
[Date "2022.06.14"]
[Round "6.16"]
[White "Schippke, Manon"]
[Black "Aflalo, Sophie"]
[Result "0-1"]
[ECO "B28"]
[WhiteElo "2072"]
[BlackElo "2152"]
[Annotator "RC"]
[PlyCount "94"]
[EventDate "2022.06.09"]
[EventType "team-tourn"]
[EventCountry "FRA"]
[SourceTitle "playchess.com"]
[Source "ChessBase"]
[SourceQuality "1"]
[TimeControl "40/5400+30:1800+30"]

1. e4 c5 2. Nf3 a6 3. c3 Nf6 4. e5 Nd5 5. d4 cxd4 6. cxd4 e6 7. Bd3 d6 8. Nc3 Nc6 9. Nxd5 exd5 10. O-O Be7 11. h3 Be6 12. Re1 dxe5 13. dxe5 Rc8 14. Be3 O-O 15. Nd4 Nxd4 16. Bxd4 Bg5 17. Rf1 Bf4 18. g3 Qg5 19. h4 Qh6 20. Qf3 Bd2 21. Qe2 Bf4 22. Qf3 Bd2 23. Qe2 Bh3 24. Rfd1 Bb4 25. Qe3 Qe6 26. Rac1 Be7 27. Be2 Bg4 28. f3 Bf5 29. g4 Bc2 30. Rxc2 Rxc2 31. Bd3 Rc7 32. h5 h6 33. Bb1 f5 34. Qd3 g6 35. hxg6 Qxg6 36. Kf1 Bh4 37. Bc3 Rd7 38. Rd2 Qg5 39. e6 fxg4 40. Rf2 Re7 41. Qd4 Qc1+ 42. Kg2 gxf3+ 43. Rxf3 Rf6 44. Qxh4 Rg7+ 45. Qg3 d4 46. Qxg7+ Kxg7 47. Rg3+ Kh8 0-1

[Event "FRA-ch Teams Top 16-A 2022"]
[Site "Chartres"]
[Date "2022.06.14"]
[Round "6.17"]
[White "Lagarde, Maxime"]
[Black "Grandelius, Nils"]
[Result "1/2-1/2"]
[ECO "A36"]
[WhiteElo "2628"]
[BlackElo "2635"]
[Annotator "RC"]
[PlyCount "25"]
[EventDate "2022.06.09"]
[EventType "team-tourn"]
[EventCountry "FRA"]
[SourceTitle "playchess.com"]
[Source "ChessBase"]
[SourceQuality "1"]
[TimeControl "40/5400+30:1800+30"]

1. c4 c5 2. Nc3 Nc6 3. g3 g6 4. Bg2 Bg7 5. d3 d6 6. e3 e6 7. Nge2 Nge7 8. O-O O-O 9. b3 Rb8 10. Ba3 a6 11. d4 cxd4 12. exd4 d5 13. Rc1 1/2-1/2